TOP OF THE 1ST |
Pittsburgh Kingfishers batting - Pitching for Montana Pandas : LHP Hervé Favier
|
Pitching: LHP Hervé Favier
|
|
Batting: LHB Naganori Inoue
|
0-0: Ball 1-0: SINGLE (Line Drive, 4D, EV 102.5 MPH)
|
Batting: RHB Rob Brooks
|
0-0: Ball 1-0: SINGLE (Groundball, 56D, EV 107.5 MPH) Naganori Inoue to second
|
Batting: LHB Danny Trautmann
|
0-0: Called Strike 0-1: Fly out, F5 (Popup, 56S, EV 85.0 MPH)
|
Batting: RHB Krystof Melichar
|
0-0: Swinging Strike 0-1: Ball 1-1: Ball 2-1: Ball 3-1: Foul Ball, location: 2F 3-2: Foul Ball, location: 2F 3-2: Grounds into double play, 6-4-3 (Groundball, 6S, EV 88.8 MPH)
|
Top of the 1st over - 0 runs, 2 hits, 0 errors, 1 left on base; Pittsburgh 0 - Montana 0 |
BOTTOM OF THE 1ST |
Montana Pandas batting - Pitching for Pittsburgh Kingfishers : RHP Jared LaBarge
|
Pitching: RHP Jared LaBarge
|
|
Batting: SHB Gerrie Bond
|
0-0: Ground out 4-3 (Groundball, 4, EV 84.4 MPH)
|
Batting: RHB Holden Ford
|
0-0: SINGLE (Line Drive, 9S, EV 107.5 MPH)
|
Batting: LHB Bharti Mona
|
0-0: Ball 1-0: Foul Ball, location: 2F 1-1: Swinging Strike 1-2: Fielders Choice at 2nd, U6 (Groundball, 4M, EV 83.8 MPH)
|
Batting: RHB Tony Randolph
|
0-0: Ball 1-0: Called Strike 1-1: Ball 2-1: Fly out, F7 (Flyball, 7S, EV 73.1 MPH)
|
Bottom of the 1st over - 0 runs, 1 hit, 0 errors, 1 left on base; Pittsburgh 0 - Montana 0 |
TOP OF THE 2ND |
Pittsburgh Kingfishers batting - Pitching for Montana Pandas : LHP Hervé Favier
|
Batting: LHB Rafael Abasto
|
0-0: Ball 1-0: Called Strike 1-1: Foul Ball, location: 2F 1-2: Ball 2-2: Foul Ball, location: 2F 2-2: Strikes out swinging
|
Batting: RHB Junior Young
|
0-0: Ball 1-0: Ball 2-0: Ball 3-0: Base on Balls
|
Batting: RHB Loring Rommel
|
0-0: Ball 1-0: Ball 2-0: Grounds into double play, 5-4-3 (Groundball, 5L, EV 79.4 MPH)
|
Top of the 2nd over - 0 runs, 0 hits, 0 errors, 0 left on base; Pittsburgh 0 - Montana 0 |
BOTTOM OF THE 2ND |
Montana Pandas batting - Pitching for Pittsburgh Kingfishers : RHP Jared LaBarge
|
Batting: SHB Chris Piña
|
0-0: Swinging Strike 0-1: Ball 1-1: Called Strike 1-2: Foul Ball, location: 2F 1-2: Ball 2-2: Ball 3-2: Strikes out swinging
|
Batting: LHB Robbie Brendle
|
0-0: Called Strike 0-1: Ball 1-1: Foul Ball, location: 2F 1-2: Ball 2-2: Ball 3-2: Base on Balls
|
Batting: LHB António Casas
|
0-0: Foul Ball, location: 2F 0-1: SINGLE (Groundball, 34S, EV 65.0 MPH) (infield hit) Robbie Brendle to second
|
Batting: RHB Jon Moon
|
0-0: Called Strike 0-1: Fly out, F6 (Popup, P, EV 88.1 MPH)
|
Batting: RHB José Santos
|
0-0: Called Strike 0-1: Called Strike 0-2: Strikes out swinging
|
Bottom of the 2nd over - 0 runs, 1 hit, 0 errors, 2 left on base; Pittsburgh 0 - Montana 0 |
TOP OF THE 3RD |
Pittsburgh Kingfishers batting - Pitching for Montana Pandas : LHP Hervé Favier
|
Batting: SHB Yeow-whye Zhu
|
0-0: Fly out, F1 (Popup, 13, EV 77.5 MPH)
|
Batting: RHB Tony Hernández
|
0-0: Swinging Strike 0-1: Swinging Strike 0-2: Ground out 4-3 (Groundball, 4, EV 86.9 MPH)
|
Batting: LHB Naganori Inoue
|
0-0: Called Strike 0-1: Ground out 6-3 (Groundball, 6S, EV 87.5 MPH)
|
Top of the 3rd over - 0 runs, 0 hits, 0 errors, 0 left on base; Pittsburgh 0 - Montana 0 |
BOTTOM OF THE 3RD |
Montana Pandas batting - Pitching for Pittsburgh Kingfishers : RHP Jared LaBarge
|
Batting: SHB Gerrie Bond
|
0-0: Called Strike 0-1: Ball 1-1: Ball 2-1: Foul Ball, location: 2F 2-2: Ground out 1-3 (Groundball, 13S, EV 70.0 MPH)
|
Batting: RHB Holden Ford
|
0-0: Ball 1-0: SINGLE (Groundball, 3D, EV 105.6 MPH)
|
Batting: LHB Bharti Mona
|
0-0: Ball 1-0: Ball 2-0: Called Strike 2-1: Swinging Strike 2-2: Ball 3-2: Foul Ball, location: 2F 3-2: Strikes out looking
|
Batting: RHB Tony Randolph
|
0-0: Swinging Strike 0-1: Called Strike 0-2: Ball 1-2: Strikes out swinging
|
Bottom of the 3rd over - 0 runs, 1 hit, 0 errors, 1 left on base; Pittsburgh 0 - Montana 0 |
TOP OF THE 4TH |
Pittsburgh Kingfishers batting - Pitching for Montana Pandas : LHP Hervé Favier
|
Batting: RHB Rob Brooks
|
0-0: Ball 1-0: Called Strike 1-1: Ball 2-1: DOUBLE (Flyball, 8RXD, EV 104.4 MPH)
|
Batting: LHB Danny Trautmann
|
0-0: Foul Ball, location: 2F 0-1: Ground out 6-3 (Groundball, 6, EV 90.6 MPH)
|
Batting: RHB Krystof Melichar
|
0-0: Ball 1-0: Called Strike 1-1: Ball 2-1: SINGLE (Line Drive, 34, EV 96.9 MPH) Rob Brooks to third
|
Batting: LHB Rafael Abasto
|
0-0: Swinging Strike 0-1: Called Strike Krystof Melichar steals 2nd base 0-2: Ball 1-2: Ball 2-2: Ball 3-2: Strikes out swinging
|
Batting: RHB Junior Young
|
0-0: Ball 1-0: Fly out, F8 (Line Drive, 8LD, EV 93.8 MPH)
|
Top of the 4th over - 0 runs, 2 hits, 0 errors, 2 left on base; Pittsburgh 0 - Montana 0 |
BOTTOM OF THE 4TH |
Montana Pandas batting - Pitching for Pittsburgh Kingfishers : RHP Jared LaBarge
|
Batting: SHB Chris Piña
|
0-0: Called Strike 0-1: Ball 1-1: Ball 2-1: Foul Ball, location: 2F 2-2: Strikes out looking
|
Batting: LHB Robbie Brendle
|
0-0: Swinging Strike 0-1: Ball 1-1: Foul Ball, location: 2F 1-2: Fly out, F4 (Popup, 4, EV 50.0 MPH)
|
Batting: LHB António Casas
|
0-0: Ball 1-0: Ball 2-0: Called Strike 2-1: Foul Ball, location: 2F 2-2: Foul Ball, location: 2F 2-2: Ball 3-2: Base on Balls
|
Batting: RHB Jon Moon
|
0-0: Ball 1-0: Ball 2-0: Called Strike 2-1: Called Strike 2-2: Strikes out swinging
|
Bottom of the 4th over - 0 runs, 0 hits, 0 errors, 1 left on base; Pittsburgh 0 - Montana 0 |
TOP OF THE 5TH |
Pittsburgh Kingfishers batting - Pitching for Montana Pandas : LHP Hervé Favier
|
Batting: RHB Loring Rommel
|
0-0: Ball 1-0: SINGLE (Groundball, 56D, EV 101.2 MPH)
|
Batting: SHB Yeow-whye Zhu
|
0-0: Called Strike 0-1: Foul Ball, location: 2F 0-2: Fly out, F9 (Flyball, 89S, EV 79.4 MPH)
|
Batting: RHB Tony Hernández
|
0-0: Fly out, F9 (Flyball, 9D, EV 81.9 MPH) Runner from 1st tags up, SAFE at 2nd
|
Batting: LHB Naganori Inoue
|
0-0: Ball 1-0: Ball Passed Ball! Loring Rommel to third 2-0: SINGLE (Line Drive, 9S, EV 102.5 MPH) Loring Rommel scores
|
Batting: RHB Rob Brooks
|
0-0: Ball 1-0: Fly out, F5 (Popup, 5S, EV 86.9 MPH)
|
Top of the 5th over - 1 run, 2 hits, 0 errors, 1 left on base; Pittsburgh 1 - Montana 0 |
BOTTOM OF THE 5TH |
Montana Pandas batting - Pitching for Pittsburgh Kingfishers : RHP Jared LaBarge
|
Batting: RHB José Santos
|
0-0: Ball 1-0: Ball 2-0: Ball 3-0: Called Strike 3-1: Base on Balls
|
Batting: SHB Gerrie Bond
|
0-0: Called Strike 0-1: Foul Ball, location: 2F 0-2: Ball 1-2: Ball 2-2: Strikes out swinging
|
Batting: RHB Holden Ford
|
0-0: Ball 1-0: Grounds into double play, 5-4-3 (Groundball, 5, EV 105.0 MPH)
|
Bottom of the 5th over - 0 runs, 0 hits, 0 errors, 0 left on base; Pittsburgh 1 - Montana 0 |
TOP OF THE 6TH |
Pittsburgh Kingfishers batting - Pitching for Montana Pandas : LHP Hervé Favier
|
Batting: LHB Danny Trautmann
|
0-0: Foul Ball, location: 2F 0-1: Called Strike 0-2: Fly out, F7 (Flyball, 7S, EV 91.2 MPH)
|
Batting: RHB Krystof Melichar
|
0-0: Ball 1-0: Ground out 2-3 (Groundball, 15S, EV 74.4 MPH)
|
Batting: LHB Rafael Abasto
|
0-0: Ball 1-0: Ball 2-0: Ground out 4-3 (Groundball, 4D, EV 100.0 MPH)
|
Top of the 6th over - 0 runs, 0 hits, 0 errors, 0 left on base; Pittsburgh 1 - Montana 0 |
BOTTOM OF THE 6TH |
Montana Pandas batting - Pitching for Pittsburgh Kingfishers : RHP Jared LaBarge
|
Batting: LHB Bharti Mona
|
0-0: Ball 1-0: Called Strike 1-1: DOUBLE (Line Drive, 89D, EV 106.9 MPH)
|
Pitching: RHP Pierre Delecto
|
|
Batting: RHB Tony Randolph
|
0-0: Ball 1-0: Foul Ball, location: 2F 1-1: Ball 2-1: Swinging Strike 2-2: Fly out, F4 (Popup, 4S, EV 84.4 MPH)
|
Batting: SHB Chris Piña
|
0-0: Ball 1-0: Ball 2-0: Called Strike 2-1: Ball 3-1: Foul Ball, location: 2F 3-2: Fly out, F5 (Popup, 56S, EV 82.5 MPH)
|
Batting: LHB Robbie Brendle
|
0-0: Ground out 1-3 (Groundball, 34S, EV 83.1 MPH)
|
Bottom of the 6th over - 0 runs, 1 hit, 0 errors, 1 left on base; Pittsburgh 1 - Montana 0 |
TOP OF THE 7TH |
Pittsburgh Kingfishers batting - Pitching for Montana Pandas : LHP Hervé Favier
|
Batting: RHB Junior Young
|
0-0: Called Strike 0-1: SOLO HOME RUN (Flyball, 78XD, EV 102.5 MPH), Distance : 385 ft
|
Pitching: RHP Kenji Aoki
|
|
Batting: RHB Loring Rommel
|
0-0: Ball 1-0: Swinging Strike 1-1: SINGLE (Flyball, 9S, EV 91.9 MPH)
|
Batting: SHB Yeow-whye Zhu
|
0-0: Ball 1-0: Called Strike 1-1: Ball 2-1: Ball 3-1: Grounds into double play, 4-6-3 (Groundball, 34, EV 88.1 MPH)
|
Batting: RHB Tony Hernández
|
0-0: Called Strike 0-1: Ball 1-1: SINGLE (Line Drive, 89S, EV 89.4 MPH)
|
Batting: LHB Naganori Inoue
|
0-0: Called Strike 0-1: Hit by Pitch Tony Hernández to second
|
Batting: RHB Rob Brooks
|
0-0: Ball 1-0: Called Strike 1-1: Ball 2-1: Ball 3-1: Ground out 6-3 (Groundball, 6, EV 80.0 MPH)
|
Top of the 7th over - 1 run, 3 hits, 0 errors, 2 left on base; Pittsburgh 2 - Montana 0 |
BOTTOM OF THE 7TH |
Montana Pandas batting - Pitching for Pittsburgh Kingfishers : RHP Pierre Delecto
|
Batting: LHB António Casas
|
0-0: Called Strike 0-1: Called Strike 0-2: Ball 1-2: Strikes out swinging
|
Batting: RHB Jon Moon
|
0-0: Ball 1-0: Ground out U3 (Groundball, 3, EV 105.6 MPH)
|
Batting: RHB José Santos
|
0-0: Ball 1-0: Called Strike 1-1: Fly out, F8 (Flyball, 8RS, EV 96.2 MPH)
|
Bottom of the 7th over - 0 runs, 0 hits, 0 errors, 0 left on base; Pittsburgh 2 - Montana 0 |
TOP OF THE 8TH |
Pittsburgh Kingfishers batting - Pitching for Montana Pandas : RHP Kenji Aoki
|
Batting: LHB Danny Trautmann
|
0-0: Foul Ball, location: 2F 0-1: Foul Ball, location: 2F 0-2: Fly out, F8 (Flyball, 78D, EV 85.6 MPH)
|
Batting: RHB Krystof Melichar
|
0-0: Called Strike 0-1: Foul Ball, location: 2F 0-2: TRIPLE (Groundball, 3L, EV 105.6 MPH)
|
Batting: LHB Rafael Abasto
|
0-0: Swinging Strike 0-1: Foul Ball, location: 2F 0-2: Ground out U3 (Groundball, 34S, EV 90.0 MPH)
|
Batting: RHB Junior Young
|
0-0: Foul Ball, location: 3F, Error on foul ball, E3 0-1: Called Strike 0-2: SINGLE (Flyball, 9S, EV 88.1 MPH) Krystof Melichar scores
|
Batting: RHB Loring Rommel
|
0-0: Ball 1-0: Fielders Choice at 2nd, 6-4 (Groundball, 6, EV 88.8 MPH)
|
Top of the 8th over - 1 run, 2 hits, 1 error, 1 left on base; Pittsburgh 3 - Montana 0 |
BOTTOM OF THE 8TH |
Montana Pandas batting - Pitching for Pittsburgh Kingfishers : RHP Pierre Delecto
|
Pitching: LHP Joe Khokar
|
|
Batting: SHB Gerrie Bond
|
0-0: Ground out 5-3 (Groundball, 56S, EV 73.8 MPH)
|
Batting: RHB Holden Ford
|
0-0: Called Strike 0-1: Ball 1-1: SINGLE (Groundball, 3S, EV 86.2 MPH) (infield hit)
|
Batting: LHB Bharti Mona
|
0-0: Ball 1-0: Foul Ball, location: 2F 1-1: Ball 2-1: Called Strike 2-2: Ball 3-2: Strikes out swinging
|
Batting: RHB Tony Randolph
|
0-0: Foul Ball, location: 2F 0-1: Foul Ball, location: 2F 0-2: Fielders Choice at 2nd, 6-4 (Groundball, 6, EV 80.0 MPH)
|
Bottom of the 8th over - 0 runs, 1 hit, 0 errors, 1 left on base; Pittsburgh 3 - Montana 0 |
TOP OF THE 9TH |
Pittsburgh Kingfishers batting - Pitching for Montana Pandas : RHP Kenji Aoki
|
Batting: SHB Yeow-whye Zhu
|
0-0: Ball 1-0: Called Strike 1-1: Ball 2-1: Ball 3-1: Base on Balls
|
Pitching: RHP Miguel Rodríguez
|
|
Batting: RHB Tony Hernández
|
0-0: Bunt missed! 0-1: Ball 1-1: Reached on error, E1 (Groundball, 15, EV 43.8 MPH) Yeow-whye Zhu to third
|
Batting: LHB Naganori Inoue
|
0-0: SINGLE (Groundball, 3D, EV 96.2 MPH) Yeow-whye Zhu scores Tony Hernández to third
|
Batting: RHB Rob Brooks
|
0-0: Ball 1-0: Called Strike 1-1: Fly out, F9 (Flyball, 9, EV 88.8 MPH) Runner from 3rd tags up, SCORES, no throw by RF
|
Batting: LHB Danny Trautmann
|
0-0: Swinging Strike 0-1: Swinging Strike 0-2: Strikes out swinging
|
Batting: RHB Krystof Melichar
|
0-0: Called Strike 0-1: Called Strike 0-2: Ball 1-2: Ball 2-2: SINGLE (Groundball, 6MD, EV 102.5 MPH) Naganori Inoue to second Naganori Inoue to third
|
Batting: LHB Rafael Abasto
|
0-0: Foul Ball, location: 2F 0-1: Swinging Strike 0-2: Ball 1-2: Strikes out looking
|
Top of the 9th over - 2 runs, 2 hits, 1 error, 2 left on base; Pittsburgh 5 - Montana 0 |
BOTTOM OF THE 9TH |
Montana Pandas batting - Pitching for Pittsburgh Kingfishers : LHP Joe Khokar
|
Batting: SHB Chris Piña
|
0-0: Called Strike 0-1: Swinging Strike 0-2: Ball 1-2: Foul Ball, location: 2F 1-2: Ball 2-2: Foul Ball, location: 2F 2-2: Ball 3-2: Foul Ball, location: 2F 3-2: Strikes out looking
|
Batting: LHB Robbie Brendle
|
0-0: Foul Ball, location: 2F 0-1: Called Strike 0-2: Ball 1-2: Foul Ball, location: 2F 1-2: Foul Ball, location: 2F 1-2: Foul Ball, location: 2F 1-2: SINGLE (Line Drive, 56, EV 94.4 MPH)
|
Pitching: RHP José Ledezma
|
|
Batting: LHB António Casas
|
0-0: Ball 1-0: 2-RUN HOME RUN (Flyball, 9D, EV 100.6 MPH), Distance : 346 ft
|
Batting: RHB Jon Moon
|
0-0: Ball 1-0: Ground out 6-3 (Groundball, 56, EV 87.5 MPH)
|
Batting: RHB José Santos
|
0-0: Ball 1-0: Ball 2-0: Ground out 5-3 (Groundball, 56, EV 90.0 MPH)
|
Bottom of the 9th over - 2 runs, 2 hits, 0 errors, 0 left on base; Pittsburgh 5 - Montana 2 |
|